 Dungeon Crawl Stone Soup version 0.28.0 (webtiles) character file.

Game seed: 6597797417871322590

86326 Veteran the Eclecticist (level 15, -2/93 HPs)
             Began as a Deep Elf Conjurer on Feb 12, 2022.
             Was the Champion of Vehumet.
             Slain by a ghost moth (17 damage)
             ... on level 1 of the Lair of Beasts.
             The game lasted 02:07:47 (16504 turns).

Veteran the Eclecticist (Deep Elf Conjurer)        Turns: 16504, Time: 02:07:48

Health: -2/93      AC:  7    Str:  1 (6)  XL:     15   Next: 40%
Magic:  0/43       EV: 21    Int: 30 (31) God:    Vehumet [******]
Gold:   1873       SH: 11    Dex: 21 (22) Spells: 12/51 levels left

rFire   + + +      SeeInvis .   G - +12 spear of Bodily Humours {drain, Fragile rCorr Dex+4 Stlth+}
rCold   + + +      Faith    .   q - +0 kite shield {rF+}
rNeg    + + +      Spirit   .   R - +2 robe {rC+ rF+}
rPois   +          Reflect  .   V - -2 hat of the Alchemist {rElec rPois rF+ rC+ rN+ Will+ rMut rCorr}
rElec   +          Harm     .   T - +1 cloak {rC+}
rCorr   +          Rampage  .   c - +0 pair of gloves
rMut    +                       n - +1 pair of boots {Stlth+}
Will    ++...                   a - amulet of the acrobat
Stlth   +++++.....              O - ring "Kiagoff" {rN+ EV+4 Str+2 Slay+2}
HPRegen 0.25/turn               h - ring of Rehisudu {rN+ EV+4 Dex+3}
MPRegen 0.28/turn

@: about to teleport, studying Long Blades
A: agile 1, cold resistance 1, high MP 1
a: Renounce Religion


You were on level 1 of the Lair of Beasts.
You worshipped Vehumet.
Vehumet was exalted by your worship.
You visited 5 branches of the dungeon, and saw 21 of its levels.
You also visited: Sewer, Ossuary, Bailey, Gauntlet, Ice Cave and Volcano.

You collected 3436 gold pieces.
You spent 1563 gold pieces at shops.

Inventory:

Hand Weapons
 y - the +9 sword of Zonguldrok {reap}
   (You took it off a minotaur in a Gauntlet)

   Any living foe damaged by it may be reanimated upon death as a zombie
   friendly to the wielder, with an increasing chance as more damage is dealt.
 G - the +12 spear of Bodily Humours (weapon) {drain, Fragile rCorr Dex+4 Stlth+}
   (You found it on level 8 of the Dungeon)

   A truly terrible weapon, it drains the life of any living foe it strikes.
   Dex:       It affects your dexterity (+4).
   rCorr:     It protects you from acid and corrosion.
   Fragile:   It will be destroyed if unequipped.
   Stlth:     It makes you more stealthy.
Armour
 c - a +0 pair of gloves (worn)
 n - a +1 pair of boots of stealth (worn)
 q - a +0 kite shield of fire resistance (worn)
 R - a +2 robe of resistance (worn)
 T - a +1 cloak of cold resistance (worn)
 V - the -2 hat of the Alchemist (worn) {rElec rPois rF+ rC+ rN+ Will+ rMut rCorr}
   (You bought it in a shop on level 9 of the Dungeon)

   rF:        It protects you from fire.
   rC:        It protects you from cold.
   rElec:     It insulates you from electricity.
   rPois:     It protects you from poison.
   rN:        It protects you from negative energy.
   rCorr:     It protects you from acid and corrosion.
   rMut:      It protects you from mutation.
   Will:      It increases your willpower.
Magical Staves
 K - a staff of earth
 P - a staff of fire
Jewellery
 a - an amulet of the acrobat (around neck)
 h - the ring of Rehisudu (right hand) {rN+ EV+4 Dex+3}
   (You found it in a Gauntlet)

   [ring of evasion]

   EV:        It affects your evasion (+4).
   Dex:       It affects your dexterity (+3).
   rN:        It protects you from negative energy.
 s - the amulet of Winter {Spirit rF+++ rC-}
   (You found it in a Gauntlet)

   [amulet of guardian spirit]

   It causes incoming damage to be divided between your reserves of health and
   magic.
   rF:        It renders you almost immune to fire.
   rC:        It makes you vulnerable to cold.
 u - a ring of protection from fire
 O - the ring "Kiagoff" (left hand) {rN+ EV+4 Str+2 Slay+2}
   (You acquired it on level 1 of the Lair of Beasts)

   [ring of evasion]

   EV:        It affects your evasion (+4).
   Str:       It affects your strength (+2).
   Slay:      It affects your accuracy & damage with ranged weapons and melee
   (+2).
   rN:        It protects you from negative energy.
Wands
 o - a wand of paralysis (9)
 H - a wand of charming (6)
 I - a wand of iceblast (6)
 J - a wand of mindburst (7)
 N - a wand of flame (3)
 X - a wand of acid (6)
Scrolls
 b - 7 scrolls of teleportation
 g - 3 scrolls of brand weapon
 i - 2 scrolls of fear
 j - 3 scrolls of silence
 l - 2 scrolls of amnesia
 m - 4 scrolls of summoning
 p - 3 scrolls of enchant armour
 t - a scroll of holy word
 v - 4 scrolls of magic mapping
 w - 4 scrolls of fog
 E - a scroll of enchant weapon
Potions
 e - 6 potions of might
 f - a potion of resistance
 k - 4 potions of heal wounds
 r - 2 potions of flight
 x - 3 potions of haste
 z - a potion of magic
 A - 6 potions of curing
 B - 3 potions of lignification
 C - 3 potions of invisibility
 D - a potion of mutation
 F - a potion of cancellation
 L - 3 potions of brilliance
 W - 4 potions of ambrosia
Miscellaneous
 d - a phantom mirror


   Skills:
 + Level 10.9 Fighting
 - Level 3.8 Dodging
 - Level 4.0 Stealth
 + Level 6.2 Shields
 + Level 18.6 Spellcasting
 + Level 16.2 Conjurations
 - Level 8.5 Translocations
 + Level 10.0 Fire Magic


You had 12 spell levels left.
You knew the following spells:

 Your Spells              Type           Power      Damage    Failure   Level
a - Magic Dart            Conj           100%       1d8       0%          1
b - Searing Ray           Conj           100%       2d8       0%          2
c - Iskenderun's Mystic   Conj/Tloc      80%        2d16      1%          4
d - Fulminant Prism       Conj/Hex       33%        3d16      1%          4
e - Irradiate             Conj/Tmut      33%        3d24      1%          5
f - Iskenderun's Battles  Conj           90%        2d14      1%          5
g - Fireball              Conj/Fire      41%        3d17      1%          5
h - Orb of Destruction    Conj           45%        9d12      1%          7
i - Starburst             Conj/Fire      41%        6d12      1%          6

Your spell library contained the following spells:

 Spells                   Type           Power      Damage    Failure   Level
 Eringya's Noxious Bog    Tmut/Pois      13%        N/A       80%         6
 Foxfire                  Conj/Fire      100%       2x1d9     0%          1
 Static Discharge         Conj/Air       67%        N/A       1%          2
 Conjure Flame            Conj/Fire      82%        6-21      1%          3
 Dazzling Flash           Conj/Hex       100%       N/A       1%          3
 Gell's Gravitas          Tloc           68%        N/A       1%          3
 Inner Flame              Hex/Fire       55%        N/A       1%          3
 Lesser Beckoning         Tloc           68%        N/A       1%          3
 Mephitic Cloud           Conj/Pois/Air  57%        N/A       1%          3
 Portal Projectile        Hex/Tloc       100%       N/A       1%          3
 Teleport Other           Tloc           68%        N/A       1%          3
 Flame Wave               Conj/Fire      82%        2d14      1%          4
 Lightning Bolt           Conj/Air       33%        1d51      1%          5
 Freezing Cloud           Conj/Ice/Air   28%        6-21      3%          5
 Call Imp                 Summ           27%        N/A       6%          2
 Conjure Ball Lightning   Conj/Air       33%        3x3d11    6%          6
 Airstrike                Air            13%        N/A       11%         4
 Ozocubu's Armour         Ice            27%        N/A       12%         3
 Dispersal                Tloc           34%        N/A       19%         6
 Animate Dead             Necr           13%        N/A       36%         4
 Summon Lightning Spire   Summ/Air       27%        N/A       36%         4
 Blade Hands              Tmut           13%        N/A       73%         5
 Borgnjor's Vile Clutch   Necr/Erth      13%        N/A       73%         5
 Excruciating Wounds      Necr           13%        N/A       73%         5
 Death Channel            Necr           13%        N/A       99%         6
 Simulacrum               Ice/Necr       13%        N/A       99%         6
 Ozocubu's Refrigeration  Ice            13%        4d7       99%         7
 Haunt                    Necr/Summ      13%        N/A       100%        7
 Disjunction              Tloc           34%        N/A       100%        8
 Infestation              Necr           13%        N/A       100%        8
 Maxwell's Capacitive Co  Air            13%        ∞         100%        8
 Polar Vortex             Ice            13%        N/A       100%        9


Dungeon Overview and Level Annotations

Branches:
Dungeon (10/15)            Temple (1/1) D:7            Lair (6/6) D:8
 Shoals (0/4) Lair:4       Spider (2/4) Lair:2        Slime (0/5) Lair:6
    Orc (2/2) D:10          Sewer (visited)         Ossuary (visited)
 Bailey (visited)           IceCv (visited)         Volcano (visited)
Gauntlet (visited)
    Elf: Orc:2

Altars:
Ashenzari
Elyvilon
Fedhas
Gozag
Hepliaklqana
Makhleb
Nemelex Xobeh
Okawaru
Ru
Sif Muna
Trog
Vehumet
Wu Jian
Xom
Yredelemnul
Zin
Beogh
Jiyva

Shops:
D:5 [   D:7 [!*   D:9 ([[[!

Annotations:
D:8 Gastronok, Joseph
Lair:6 exclusion: oklob plant
Spider:2 Gohat's ghost, journeyman HOBe


Innate Abilities, Weirdness & Mutations

You are agile. (Dex +2)
Your flesh is cold resistant. (rC+)
You have an increased reservoir of magic. (+10% MP)


Message History

You feel you are being watched by something.
You feel your power leaking away.
You feel you are being watched by something.
Something completely misses you. You block something's attack.
Deactivating autopickup; reactivate with Ctrl-A.
Something stings you but does no damage.
You feel you are being watched by something.
You feel your power leaking away.
You feel you are being watched by something.
Something completely misses you. Something barely misses you.
Something closely misses you.
You feel you are being watched by something.
Something hits you!
* * * LOW HITPOINT WARNING * * *
You feel weakened. Something closely misses you. Something barely misses you.
There is a stone staircase leading up, spattered with blood here.
Something hits you.
* * * LOW HITPOINT WARNING * * *
Something hits you but does no damage. You block something's attack.
You climb upwards.
Reactivating autopickup.
There is a stone staircase leading down here.
You feel you are being watched by something.
You feel your power leaking away. Something hits you!
* * * LOW HITPOINT WARNING * * *
Deactivating autopickup; reactivate with Ctrl-A.
Something completely misses you. Something misses you.
You feel much better. Something hits you but does no damage.
Something hits you.
* * * LOW HITPOINT WARNING * * *
Something stings you!
* * * LOW HITPOINT WARNING * * *
As you read the scroll of teleportation, it crumbles to dust.
You feel strangely unstable.
You feel you are being watched by something.
You feel your power leaking away. Something hits you!
You die...

###.+#### ####.#..#.# #..#
####.### ###.### #.#.# # ......#
#...# # ......# ######.## #######
......# #.#.##'### ## #......
......# ####.......###..+......
.†....#####.##........#...P......
............##.>@....## #......
..†...#####..........+ #......
.†....## ####.......# ######.
.......# ####.'.## ### ###.####
##.## #.. #....# #.# ##.P #.#..#
##.# #..# #####..# #..# ######.#
#.####'### #..# #.......


There were no monsters in sight!

Vanquished Creatures
  A frost giant (IceCv)
  An entropy weaver (Spider:1)
  A blizzard demon (Gauntlet)
  A minotaur (Gauntlet)
  5 hydras
  Erolcha (Orc:1)
  Erica (D:8)
  A two-headed ogre (D:9)
  12 death yaks
  Urug (Lair:4)
  An orb spider (Spider:1)
  2 wizards
  An orc knight (Volcano)
  5 lindwurms
  A deep elf pyromancer (Volcano)
  An orc sorcerer (Orc:1)
  3 cyclopes (Volcano)
  2 manticores
  4 wolf spiders
  2 salamanders (Volcano)
  2 oklob plants (Lair:5)
  19 elephants
  A moth of wrath (Gauntlet)
  2 molten gargoyles (Volcano)
  8 black mambas (Lair:6)
  An ice statue (IceCv)
  9 cane toads
  A torpor snail (Spider:1)
  6 rime drakes
  A guardian serpent (Lair:6)
  2 gargoyles (Volcano)
  7 komodo dragons
  An ice devil (Gauntlet)
  An efreet (Volcano)
  2 demonic crawlers (Spider:1)
  3 trolls (D:10)
  6 meliai
  4 hornets
  14 polar bears
  13 tarantellas
  A queen bee (Lair:5)
  12 blink frogs
  14 dream sheep
  3 culicivoras
  6 jumping spiders (Spider:1)
  9 wyverns
  63 yaks
  5 basilisks
  22 redbacks
  5 wargs
  2 acid dragons
  Duvessa (D:6)
  29 water moccasins
  2 ice beasts (D:7)
  A sky beast (D:8)
  4 black bears
  14 orc warriors
  5 ogres
  2 necrophages
  35 wolves
  2 centaurs
  3 kobold brigands
  9 gnoll sergeants (Bailey)
  2 bullfrogs
  2 scorpions
  A wyvern skeleton (D:7)
  A water moccasin skeleton (D:7)
  Dowan (D:6)
  36 killer bees
  13 wights
  2 howler monkeys
  3 hounds
  2 jellies (D:6)
  10 orc priests
  6 gnoll shamans (Bailey)
  A centaur skeleton (D:7)
  2 iguanas
  5 hell rats (Lair:1)
  14 orc wizards
  A hound zombie (D:5)
  A hound skeleton (D:5)
  8 mummies (Ossuary)
  15 gnolls
  2 howler monkey skeletons
  7 river rats
  20 adders
  2 white imps
  An ufetubus (D:4)
  An adder skeleton (D:4)
  2 worms (D:4)
  A dart slug (D:1)
  58 orcs
  8 ball pythons
  11 bats
  8 endoplasms
  5 giant cockroaches
  6 goblins
  6 hobgoblins
  3 jackals
  8 quokkas
  4 frilled lizards
  2 gnoll zombies (Ossuary)
  4 hobgoblin zombies (Ossuary)
  21 kobolds
  A kobold zombie (Ossuary)
  An orc zombie (Ossuary)
  8 rats
715 creatures vanquished.

Vanquished Creatures (others)
  A death yak (IceCv)
  151 fulminant prisms
  44 fungi
  82 plants
  12 toadstools (Lair:6)
290 creatures vanquished.

Grand Total: 1005 creatures vanquished

Notes
Turn   | Place    | Note
-------+----------+-------------------------------------------
     0 | D:1      | Veteran the Deep Elf Conjurer began the quest for the Orb.
     0 | D:1      | Reached XP level 1. HP: 10/10 MP: 6/6
   118 | D:1      | Reached XP level 2. HP: 15/15 MP: 1/8
   320 | D:1      | Learned a level 2 spell: Searing Ray
   441 | D:1      | Reached XP level 3. HP: 18/19 MP: 0/10
   825 | D:2      | Found a glowing silver altar of Zin.
  1310 | D:3      | Noticed an ogre
  1543 | D:3      | Reached XP level 4. HP: 24/24 MP: 11/11
  1774 | D:3      | Killed an ogre
  1775 | D:3      | Reached skill level 4 in Spellcasting
  1775 | D:3      | Reached skill level 5 in Conjurations
  1775 | D:3      | Reached XP level 5. HP: 28/28 MP: 4/13
  1863 | D:4      | Noticed a water moccasin
  1947 | D:4      | Reached skill level 5 in Spellcasting
  2162 | D:4      | Reached XP level 6. HP: 32/32 MP: 11/16
  2279 | D:4      | Killed a water moccasin
  2280 | D:4      | Reached skill level 6 in Spellcasting
  2304 | D:4      | Reached XP level 7. HP: 36/36 MP: 8/19
  2454 | D:4      | Reached skill level 7 in Spellcasting
  2482 | D:4      | Found a glowing drain.
  2493 | Sewer    | Entered a sewer
  2676 | Sewer    | Learned a level 4 spell: Iskenderun's Mystic Blast
  2875 | D:5      | Entered Level 5 of the Dungeon
  3085 | D:5      | Found Emamatt's Armour Shoppe.
  3107 | D:5      | Reached skill level 8 in Spellcasting
  3117 | D:5      | Learned a level 4 spell: Fulminant Prism
  3206 | D:5      | Reached XP level 8. HP: 24/41 MP: 9/22
  3388 | D:5      | Reached skill level 9 in Spellcasting
  3655 | D:6      | Reached skill level 1 in Translocations
  3709 | D:6      | Noticed Dowan
  3713 | D:6      | Noticed Duvessa
  3717 | D:6      | Killed Dowan
  3718 | D:6      | Reached skill level 1 in Fighting
  3722 | D:6      | Gained mutation: You have an increased reservoir of magic.
                  | (+10% MP) [potion of mutation]
  3722 | D:6      | Gained mutation: Your flesh is cold resistant. (rC+)
                  | [potion of mutation]
  3722 | D:6      | Gained mutation: You are agile. (Dex +2) [potion of
                  | mutation]
  3907 | D:6      | Killed Duvessa
  3908 | D:6      | Reached skill level 10 in Spellcasting
  4221 | D:7      | Noticed a hornet
  4225 | D:7      | Killed a hornet
  4226 | D:7      | Reached XP level 9. HP: 46/48 MP: 18/27
  4238 | D:7      | Noticed a manticore
  4398 | D:7      | Found Haiphirph's Armour Boutique.
  4450 | D:7      | Found Atuat's Assorted Antiques.
  4455 | D:7      | Found a staircase to the Ecumenical Temple.
  4464 | Temple   | Entered the Ecumenical Temple
  4479 | Temple   | Became a worshipper of Vehumet
  4515 | D:7      | Found Jaolia Pyne's Distillery.
  4576 | D:7      | Killed a manticore
  4577 | D:7      | Reached skill level 11 in Spellcasting
  4577 | D:7      | Reached skill level 10 in Conjurations
  4635 | D:7      | Bought a potion of heal wounds for 65 gold pieces
  4635 | D:7      | Bought a potion of magic for 104 gold pieces
  4635 | D:7      | Bought a potion of curing for 39 gold pieces
  4635 | D:7      | Bought a potion of lignification for 39 gold pieces
  4705 | D:7      | Found a sand-covered staircase.
  4713 | Ossuary  | Entered an ossuary
  4743 | Ossuary  | Reached * piety under Vehumet
  4743 | Ossuary  | Offered knowledge of Freeze by Vehumet.
  5237 | D:8      | Found a flagged portal.
  5242 | D:8      | Identified the +12 spear of Bodily Humours {drain, Fragile
                  | rCorr Dex+4 Stlth+}
  5402 | D:8      | Reached skill level 5 in Translocations
  5419 | D:8      | Noticed Joseph
  5631 | Bailey   | Entered a bailey
  5642 | Bailey   | Reached XP level 10. HP: 50/56 MP: 24/30
  5899 | Bailey   | Identified the +0 plate armour of the Silversmith {rC+}
  6023 | Bailey   | Reached ** piety under Vehumet
  6023 | Bailey   | Offered knowledge of Poisonous Vapours by Vehumet.
  6334 | Bailey   | Reached skill level 12 in Spellcasting
  6854 | D:8      | Noticed Gastronok
  6874 | D:8      | Noticed Erica
  7001 | D:8      | Killed Erica
  7019 | D:8      | Found a staircase to the Lair.
  7297 | D:8      | Reached skill level 5 in Fighting
  7510 | D:9      | Noticed a two-headed ogre
  7523 | D:9      | Killed a two-headed ogre
  7537 | D:9      | Offered knowledge of Stone Arrow by Vehumet.
  7541 | D:9      | Reached XP level 11. HP: 64/64 MP: 12/32
  7576 | D:9      | Found Enahuneug's Armour Emporium.
  7629 | D:9      | Found Ofavyfouqa's Weapon Boutique.
  7672 | D:9      | Found Hidwiybo's Antique Armour Shoppe.
  7677 | D:9      | Found Tahui's Antique Armour Emporium.
  7687 | D:9      | Reached *** piety under Vehumet
  7697 | D:9      | Found Neusme's Distillery.
  7844 | D:9      | Noticed a lindwurm
  7858 | D:9      | Reached skill level 13 in Spellcasting
  7879 | D:9      | Noticed a lindwurm
  7880 | D:9      | Noticed a lindwurm
  7888 | D:9      | Noticed a lindwurm
  7895 | D:9      | Killed a lindwurm
  7912 | D:9      | Killed a lindwurm
  8346 | D:9      | Killed a lindwurm
  8357 | D:9      | Killed a lindwurm
  8427 | D:9      | Bought a potion of flight for 42 gold pieces
  8501 | D:10     | Entered Level 10 of the Dungeon
  8527 | D:10     | Offered knowledge of Ignite Poison by Vehumet.
  8531 | D:10     | Found a staircase to the Orcish Mines.
  8856 | D:10     | Noticed a wizard
  8866 | D:10     | Killed a wizard
  8931 | D:10     | Reached **** piety under Vehumet
  8956 | D:10     | Found a hazy altar of Hepliaklqana.
  8971 | D:10     | Offered knowledge of Irradiate by Vehumet.
  8978 | D:10     | Learned a level 5 spell: Irradiate
  9122 | Orc:1    | Entered Level 1 of the Orcish Mines
  9127 | Orc:1    | Found a dark tunnel.
  9132 | Orc:1    | Reached skill level 14 in Spellcasting
  9134 | Orc:1    | Noticed Erolcha
  9144 | Orc:1    | Killed Erolcha
  9195 | Volcano  | Entered a volcano
  9298 | Volcano  | Reached XP level 12. HP: 28/72 MP: 15/35
  9622 | Volcano  | Identified 2 scrolls of acquirement
  9627 | Volcano  | Acquired 817 gold pieces
  9629 | Volcano  | Acquired a book of the Spheres
  9637 | Volcano  | Learned a level 5 spell: Iskenderun's Battlesphere
  9643 | Volcano  | Learned a level 5 spell: Fireball
  9651 | Volcano  | Learned a level 7 spell: Orb of Destruction
  9667 | Volcano  | Reached skill level 15 in Spellcasting
  9684 | Volcano  | Noticed an orb of fire
  9739 | Volcano  | Noticed an orb of fire
  9815 | Orc:1    | Reached skill level 1 in Fire Magic
  9967 | Orc:2    | Entered Level 2 of the Orcish Mines
  9974 | Orc:2    | Noticed an orc high priest
  9974 | Orc:2    | Reached ***** piety under Vehumet
  9975 | Orc:2    | Noticed an orc high priest
  9976 | Orc:2    | Offered knowledge of Freezing Cloud by Vehumet.
  9976 | Orc:2    | Noticed an orc high priest
 10078 | Lair:1   | Entered Level 1 of the Lair of Beasts
 10250 | Lair:1   | Found a frozen archway.
 10270 | Lair:1   | Acquired the ring "Kiagoff" {rN+ EV+4 Str+2 Slay+2}
 10281 | IceCv    | Entered an ice cave
 10339 | IceCv    | Noticed a death yak
 10340 | IceCv    | Noticed a death yak
 10340 | IceCv    | Noticed a death yak
 10345 | IceCv    | Killed a death yak
 10419 | IceCv    | Killed a death yak
 10420 | IceCv    | Killed a death yak
 10774 | IceCv    | Noticed a death yak
 10791 | IceCv    | Reached XP level 13. HP: 79/79 MP: 11/38
 10794 | IceCv    | Reached skill level 16 in Spellcasting
 10873 | IceCv    | Reached skill level 5 in Fire Magic
 10907 | IceCv    | Noticed a frost giant
 10987 | IceCv    | Killed a frost giant
 11420 | Lair:1   | Offered knowledge of Sticky Flame by Vehumet.
 11490 | Lair:2   | Found a hole to the Spider Nest.
 11650 | D:9      | Bought the -2 hat of the Alchemist {rElec rPois rF+ rC+ rN+
                  | Will+ rMut rCorr} for 1274 gold pieces
 11650 | D:9      | Found the -2 hat of the Alchemist {rElec rPois rF+ rC+ rN+
                  | Will+ rMut rCorr}
 11925 | Lair:2   | Reached skill level 1 in Shields
 13005 | Lair:4   | Noticed Urug
 13019 | Lair:4   | Killed Urug
 13035 | Lair:4   | Found a staircase to the Shoals.
 13201 | Lair:5   | Reached skill level 17 in Spellcasting
 13354 | Lair:5   | Reached skill level 15 in Conjurations
 13354 | Lair:5   | Reached XP level 14. HP: 67/86 MP: 11/40
 13827 | Lair:5   | Reached skill level 10 in Fighting
 14007 | Lair:5   | Reached ****** piety under Vehumet
 14041 | Lair:5   | Found a shimmering altar of Xom.
 14158 | Lair:5   | Offered knowledge of Starburst by Vehumet.
 14166 | Lair:5   | Learned a level 6 spell: Starburst
 14322 | Lair:5   | Identified the +1 chain mail of Watchfulness {Harm Regen+
                  | Dex-4}
 14372 | Lair:6   | Entered Level 6 of the Lair of Beasts
 14475 | Lair:6   | Reached skill level 5 in Shields
 14514 | Lair:6   | Found an opulent altar of Gozag.
 14562 | Lair:6   | Reached skill level 18 in Spellcasting
 14596 | Lair:6   | Found a viscous altar of Jiyva.
 14596 | Lair:6   | Found a staircase to the Slime Pits.
 14657 | Lair:6   | Found a gate leading to a gauntlet.
 14693 | Gauntlet | Entered a Gauntlet
 14693 | Gauntlet | Found a transporter.
 14693 | Gauntlet | Found a large runed translucent door.
 14693 | Gauntlet | Found a large runed translucent door.
 14693 | Gauntlet | Found a large runed translucent door.
 14693 | Gauntlet | Found a large runed translucent door.
 14693 | Gauntlet | Found a large runed translucent door.
 14693 | Gauntlet | Found a large runed translucent door.
 14693 | Gauntlet | Found a runed translucent door.
 14693 | Gauntlet | Found a runed translucent door.
 14693 | Gauntlet | Found a large runed translucent door.
 14693 | Gauntlet | Found a large runed translucent door.
 14693 | Gauntlet | Found a large runed translucent door.
 14693 | Gauntlet | Found a large runed translucent door.
 14693 | Gauntlet | Found a large runed translucent door.
 14693 | Gauntlet | Found a large runed translucent door.
 14695 | Gauntlet | Found a large runed translucent door.
 14695 | Gauntlet | Found a large runed translucent door.
 14695 | Gauntlet | Found a large runed translucent door.
 14695 | Gauntlet | Found a large runed translucent door.
 14702 | Gauntlet | Found a transporter.
 14702 | Gauntlet | Found a runed translucent gate.
 14702 | Gauntlet | Found a runed translucent gate.
 14702 | Gauntlet | Found a runed translucent gate.
 14704 | Gauntlet | Found a transporter.
 14705 | Gauntlet | Found a transporter.
 14707 | Gauntlet | Found a transporter.
 14708 | Gauntlet | Found a transporter.
 14719 | Gauntlet | Found a transporter.
 14730 | Gauntlet | Found a transporter.
 14752 | Gauntlet | Found a runed translucent door.
 14791 | Gauntlet | Found a transporter.
 14796 | Gauntlet | Found a transporter.
 14797 | Gauntlet | Found a transporter.
 14810 | Gauntlet | Found a transporter.
 14870 | Gauntlet | Identified the ring of Rehisudu {rN+ EV+4 Dex+3}
 14893 | Gauntlet | Identified the amulet of Winter {Spirit rF+++ rC-}
 15001 | Lair:6   | Reached XP level 15. HP: 93/93 MP: 22/42
 15522 | Lair:6   | Found a blossoming altar of Fedhas.
 15728 | Spider:1 | Entered Level 1 of the Spider Nest
 15751 | Spider:1 | Offered knowledge of Eringya's Noxious Bog by Vehumet.
 16263 | Spider:1 | Reached skill level 10 in Fire Magic
 16447 | Spider:2 | Noticed Gohat's ghost (journeyman HOBe)
 16502 | Lair:1   | HP: 3/93 [something (15)]
 16504 | Lair:1   | Slain by a ghost moth

Illustrated notes

Levels and vault maps discovered:
D:1:      psy_arrival_fountain, layout_loops_ring, glass_columns_a
D:2:      layout_loops_ring, basic_altar
D:3:      layout_loops_ring, minmay_cut_off
D:4:      layout_gridville, lightli_sewer_entry_pipes
D:5:      layout_cave_pools, serial_shops, nicolae_stop_n_shop_1
D:6:      layout_basic, uniq_duvessa
D:7:      layout_loops_cross, minmay_temple_entry_metal_lava, serial_shops,
          kennysheep_little_box, nicolae_shop_window_shopping, shop,
          nicolae_ossuary_entry_plus, kennysheep_donut
D:8:      layout_layer_cave, lair_entry_dummy, special_room [special_room_orc],
          enter_bailey_2, minmay_misc_feat_five, uniq_erica, uniq_joseph,
          uniq_gastronok
D:9:      layout_cave_pools, serial_shops, shop, shop, nicolae_shop_waterfront,
          nicolae_diamond_shop, shop, minmay_lindwurm_lava
D:10:     layout_roguey, lemuel_doored_altar, minmay_orc_entry_guard_dogs
Temple:   grunt_wide_crystal_templ
Lair:1:   layout_roguey, portal_ice_cave_entry_pillars_2
Lair:2:   layout_roguey, spider_nest_entry_web_field
Lair:3:   layout_cave_pods, cheibrodos_lair_reptile_den,
          infiniplex_staircase_pool
Lair:4:   layout_concentric_octagons, shoals_dummy_entry, nicolae_lair_lindhole,
          uniq_urug
Lair:5:   regret_index_harrowing_hell_hive, layout_gridlike, basic_altar,
          lemuel_fruit_tree
Lair:6:   hangedman_lair_tendril_chambers, layout_regular_city,
          dpeg_slime_entry_enclosed_altar, gauntlet_entry_generic, basic_altar,
          chequers_serial_rivers_large_b, chequers_serial_rivers_room_b,
          tgw_fedhas, serial_bayou_shore_b, infiniplex_staircase_pool_2
Spider:1: layout_cave_pods, drop_trap
Spider:2: layout_spider_delve, gammafunk_ghost_arena
Orc:1:    layout_diamond_mine, enter_volcano_2, kennysheep_orc_sif_temple,
          uniq_erolcha
Orc:2:    grunt_orc_gardens, layout_caves, grunt_orc_garden, grunt_orc_garden,
          grunt_orc_garden, grunt_orc_garden, serial_shops, shop, mines2_lemuel

Skill      XL: |  1  2  3  4  5  6  7  8  9 10 11 12 13 14 15 |
---------------+----------------------------------------------+-----
Stealth        | 3 4 |  4.0
Dodging        | 3 |  3.8
Spellcasting   | 4 5 6 8 10 11 12 14 15 17 18 | 18.6
Conjurations   | 5 6 8 9 10 11 12 14 15 16 | 16.2
Translocations | 2 5 7 8 |  8.5
Fighting       | 2 3 5 7 8 9 10 | 10.9
Fire Magic     | 4 7 9 10 | 10.0
Shields        | 3 5 6 |  6.2

Action                   |  1- 3 |  4- 6 |  7- 9 | 10-12 | 13-15 || total
-------------------------+-------+-------+-------+-------+-------++-------
Melee: Unarmed           |    18 |       |       |       |       ||    18
       Whip              |    51 |    10 |    54 |       |       ||   115
       Punch             |     1 |       |       |       |       ||     1
       Spear             |       |       |       |    51 |    48 ||    99
Throw: Dart              |       |       |     1 |       |       ||     1
 Cast: Magic Dart        |    45 |    12 |     8 |    13 |    99 ||   177
       Searing Ray       |    15 |    14 |    67 |    28 |    59 ||   183
       Iskenderun's Myst |       |       |    15 |   115 |   161 ||   291
       Fulminant Prism   |       |       |    24 |    96 |    31 ||   151
       Iskenderun's Batt |       |       |       |    10 |    53 ||    63
       Fireball          |       |       |       |     3 |     5 ||     8
       Orb of Destructio |       |       |       |     1 |    10 ||    11
       Irradiate         |       |       |       |       |     2 ||     2
       Starburst         |       |       |       |       |     1 ||     1
Evoke: Wand              |       |       |       |    34 |     8 ||    42
       Phantom mirror    |       |       |       |     1 |     1 ||     2
  Use: Scroll            |       |       |     6 |    19 |    11 ||    36
       Potion            |       |       |     3 |     3 |     3 ||     9
 Stab: Sleeping          |     3 |       |       |       |       ||     3
       Paralysed         |       |       |       |     7 |     1 ||     8
Armor: Robe              |    34 |     3 |    39 |    14 |    22 ||   112
       Leather armour    |       |       |       |     6 |       ||     6
Dodge: Dodged            |    79 |    12 |   112 |   139 |   204 ||   546
Block: Kite shield       |       |       |       |       |   109 ||   109
